 Dungeon Crawl Stone Soup version 0.22-a0-596-gfbd32a6 (webtiles) character file.

101 sking99 the Insei (level 4, -5/23 HPs)
             Began as a Vine Stalker Transmuter on July 5, 2018.
             Was an Initiate of Ru.
             Killed from afar by an orc wizard (7 damage)
             ... with a puff of flame
             ... on level 3 of the Dungeon.
             The game lasted 00:04:36 (1859 turns).

sking99 the Insei (Vine Stalker Transmuter)         Turns: 1859, Time: 00:04:37

Health: -5/23      AC:  5    Str: 12    XL:     4   Next: 75%
Magic:  0/8        EV: 12    Int: 14    God:    Ru [......]
Gold:   122        SH:  0    Dex: 15    Spells: 4/7 levels left

rFire    . . .     SeeInvis .     - Unarmed
rCold    . . .     Gourm    .   (no shield)
rNeg     . . .     Faith    .   b - +0 robe
rPois    +         Spirit   +   (no helmet)
rElec    .         Reflect  .   w - +1 cloak {rPois}
rCorr    .         Harm     .   (no gloves)
MR       .....                  g - +0 pair of boots
Stlth    +.........             (no amulet)
HPRegen  0.47/turn              (no ring)
MPRegen  0.11/turn              (no ring)

@: no status effects
A: fangs 2, regeneration 1, magic shield, antimagic bite, no potion heal 3, rot
immunity
a: Renounce Religion


You were on level 3 of the Dungeon.
You worshipped Ru.
Ru was noncommittal.
You were not hungry.

You visited 1 branch of the dungeon, and saw 3 of its levels.

You collected 122 gold pieces.

Inventory:

Missiles
 a - 70 arrows
Armour
 b - a +0 robe (worn)
 g - a +0 pair of boots (worn)
 u - a scarf of cloud immunity
 w - a +1 cloak of poison resistance (worn)
Jewellery
 p - an uncursed amulet of harm {unknown}
Scrolls
 e - 2 scrolls of teleportation
 i - a scroll of immolation {unknown}
 m - a scroll of blinking {unknown}
 o - 2 scrolls of random uselessness {unknown}
 q - a scroll of fog {unknown}
 t - a scroll of amnesia {unknown}
Potions
 h - a potion of degeneration
 j - a potion of magic
 k - a potion of brilliance {unknown}
 l - a potion of heal wounds
 n - 2 potions of lignification
 r - 2 potions of mutation {unknown}
 s - a potion of invisibility {unknown}
 v - a potion of haste {unknown}
Comestibles
 c - 2 chunks of flesh
 d - 6 rations


   Skills:
 + Level 2.2 Fighting
 - Level 1.5 Dodging
 * Level 4.7 Unarmed Combat
 - Level 2.1 Spellcasting
 - Level 2.0 Transmutations


You had 4 spell levels left.
You knew the following spells:

 Your Spells              Type           Power        Failure   Level  Hunger
a - Beastly Appendage     Tmut           #.....       11%         1    #......
b - Sticks to Snakes      Tmut           #.......     16%         2    ###....

Your spell library contained the following spells:

 Spells                   Type           Power        Failure   Level  Hunger
 Spider Form              Tmut/Pois      #.........   43%         3    ###....
 Blade Hands              Tmut           #.........   96%         5    ######.
 Ice Form                 Ice/Tmut       #.......     83%         4    #####..


Dungeon Overview and Level Annotations

Branches:
Dungeon (3/15)

Altars:
Ru


Innate Abilities, Weirdness & Mutations

You have extremely sharp teeth.
Your natural rate of healing is unusually fast.
When hurt, damage is shared between your health and your magic reserves.
Your bite disrupts and absorbs the magic of your enemies.
Potions cannot restore your health.
You are immune to rotting.


Message History

Your ball python constricts the orc wizard.
Your adder bites the orc wizard but does no damage.
Unknown command.
You hit the orc wizard. You bite the orc wizard.
The orc wizard's magic leaks into the air.
You drain its magic.
You feel invigorated.
The orc wizard is heavily wounded.
The orc wizard hits you but does no damage.
The orc wizard hits your ball python with a dagger.
Your ball python dies!
The orc wizard hits you with a dagger.
Your adder bites the orc wizard.
The orc wizard points at you and mumbles some strange words.
The puff of frost hits you!
* * * LOW HITPOINT WARNING * * *
The orc wizard gestures at you while chanting.
The magic dart hits you!
* * * LOW HITPOINT WARNING * * *
The orc wizard casts a spell at you. The puff of flame hits you!
You die...

#......# ##..... #....... #.
#..... ####.... #.# #....
#.... .. #...# #########....
#.## #...# #............
.#####..# #...# #......(.....
........###o..####............
.........))o.@................
.........##oS.#.##............
....o(o#.##...#.##........####
.......#.##...#.######........
.......#.####.... .........
...o...#.# #....# #........
......?... #....# ........
.....%.... #....# .......
#......... #....# ..^....


You could see 3 orc wizards and a friendly adder.

Vanquished Creatures
  An adder (D:2)
  2 oozes
  2 worms (D:2)
  2 dart slugs
  A leopard gecko (D:2)
  An orc (D:3)
  3 giant cockroaches
  7 goblins
  6 hobgoblins
  2 jackals (D:1)
  9 kobolds
  2 quokkas
  6 bats
  5 frilled lizards
  9 rats
58 creatures vanquished.

Vanquished Creatures (collateral kills)
  2 adders
  An orc (D:3)
3 creatures vanquished.

Grand Total: 61 creatures vanquished

Notes
Turn   | Place    | Note
-------+----------+-------------------------------------------
     0 | D:1      | sking99 the Vine Stalker Transmuter began the quest for the Orb.
     0 | D:1      | Reached XP level 1. HP: 9/9 MP: 4/4
    16 | D:1      | Reached skill level 1 in Fighting
   118 | D:1      | Reached XP level 2. HP: 14/14 MP: 4/6
   433 | D:1      | Reached XP level 3. HP: 15/18 MP: 4/7
   497 | D:1      | Learned a level 2 spell: Sticks to Snakes
   843 | D:1      | Reached skill level 4 in Unarmed Combat
   995 | D:2      | Found a sacrificial altar of Ru.
  1136 | D:2      | Became a worshipper of Ru the Awakened
  1220 | D:2      | Gained mutation: Your natural rate of healing is unusually fast. [Vine Stalker growth]
  1220 | D:2      | Reached XP level 4. HP: 18/23 MP: 5/8
  1859 | D:3      | Killed from afar by an orc wizard

Vault maps used:
D:1:      dpeg_arrival_rhombi, minmay_split_cup_large
D:2:      old_standard_altar
D:3:      first_ration

Skill      XL: |  1  2  3 |
---------------+----------+-----
Fighting       | 1 2 |  2.2
Unarmed Combat | 4 |  4.7
Dodging        | |  1.5
Spellcasting   | |  2.1
Transmutations | |  2.0

Action                   |  1- 3 |  4- 6 || total
-------------------------+-------+-------++-------
Melee: Unarmed           |   113 |    74 ||   187
       Bite              |    32 |    19 ||    51
       Headbutt          |     2 |     1 ||     3
       Punch             |       |     3 ||     3
 Cast: Beastly Appendage |     6 |     4 ||    10
       Sticks to Snakes  |     2 |     4 ||     6
  Use: Scroll            |     5 |       ||     5
 Stab: Sleeping          |     4 |     1 ||     5
  Eat: Chunk             |     1 |     3 ||     4
Armor: Robe              |    22 |    27 ||    49
Dodge: Dodged            |    63 |    47 ||   110

Table legend:
 A = Spawn XP
 B = Non-spawn XP
 C = Spawn XP percentage of total XP
 D = Spawn monster count
 E = Non-spawn monster count
 F = Spawn count percentage of total count
 G = Total turns spent on level
                    A         B        C        D         E        F      G
               +---------+---------+-------+---------+---------+-------+---------
         Total |       0 |     145 |   0.0 |       0 |      61 |   0.0 |  1859
               +---------+---------+-------+---------+---------+-------+---------
           D:1 |       0 |      53 |   0.0 |       0 |      30 |   0.0 |   967
           D:2 |       0 |      75 |   0.0 |       0 |      26 |   0.0 |   727
           D:3 |       0 |      17 |   0.0 |       0 |       5 |   0.0 |   165
               +---------+---------+-------+---------+---------+-------+---------
